AoeStats
← Pwncakes

MegaRandom

508993230Analyzed
2v2 RM · 7d ago on Sep 25, 2026· 20m 9s· 4 players
Game mode
Random Map
Map size
Medium (4 player)
Population
200
Speed
Normal
Resources
Standard
Victory
Conquest
Starting age
Dark Age
Ending age
Imperial Age
RankedLock teamsTeams togetherTeam positionsShared explorationLock speedFull tech treeHidden civsTurbo modeCheats
Victory
Defeat
🇨🇴 Mongols · Colombia
1506
+15
🇨🇴 Portuguese · Colombia
1392
+20
🇺🇸 Varangians · United States
1546
-20
🇺🇸 Saxons · United States
1429
-15
Cualnick
9:00 Feudal Age
10:18 Wheelbarrow
9:47 Double-Bit Axe
11:01 Horse Collar
13:19 Town Watch
15:43 Loom
19:46 Castle Age
19:15 Stone Mining
19:17 Gold Mining
sION_Co
0:41 Loom
9:50 Feudal Age
10:25 Double-Bit Axe
17:26 Horse Collar
18:46 Wheelbarrow
22:13 Castle Age
Pwncakes
0:31 Loom
10:13 Feudal Age
10:40 Double-Bit Axe
14:33 Scale Mail Armor
14:18 Horse Collar
15:32 Fishing Lines
17:52 Wheelbarrow
21:29 Castle Age
19:44 Forging
19:43 Stone Mining
bcda
0:39 Loom
9:27 Feudal Age
10:56 Double-Bit Axe
13:27 Bloodlines
Connection lost

Rejoining the realm…

Still unreachable

The connection could not be restored.

Session expired

The server has moved on; the page needs a fresh start.